 Dungeon Crawl Stone Soup version 0.25-a0-474-ga8a2ee3166 (webtiles) character file.

Game seed: 15110660188793284494, levelgen mode: deterministic

70693 Baz the Thaumaturge (level 15, -6/106 HPs)
             Began as a Human Air Elementalist on Feb 8, 2020.
             Was a High Priest of Vehumet.
             Shot with an arrow by a centaur warrior (18 damage)
             ... on level 12 of the Dungeon.
             The game lasted 01:11:15 (36342 turns).

Baz the Thaumaturge (Human Air Elementalist)       Turns: 36342, Time: 01:11:16

Health: -6/106     AC: 14    Str: 12    XL:     15   Next: 79%
Magic:  10/33      EV: 11    Int: 18    God:    Vehumet [*****.]
Gold:   1064       SH:  0    Dex: 11    Spells: 8/43 levels left

rFire    . . .     SeeInvis .   o - +1 whip (venom)
rCold    . . .     Gourm    .   (no shield)
rNeg     + . .     Faith    .   R - +4 ring mail of Risitur {rN+ MR++ Dex-3}
rPois    +         Spirit   .   (no helmet)
rElec    .         Reflect  .   t - +1 cloak
rCorr    +         Harm     .   (no gloves)
MR       +++..                  W - +0 pair of boots
Stlth    +.........             d - amulet of the acrobat
HPRegen  0.27/turn              P - ring of poison resistance
MPRegen  0.23/turn              H - ring of resist corrosion

@: no status effects
A: no striking features
a: Renounce Religion


You were on level 12 of the Dungeon.
You worshipped Vehumet.
Vehumet was extremely pleased with you.
You were very hungry.

You visited 3 branches of the dungeon, and saw 19 of its levels.

You collected 1246 gold pieces.
You spent 182 gold pieces at shops.

Inventory:

Hand Weapons
 o - a +1 whip of venom (weapon)
 x - the +2 dagger of Chaos {antimagic, rN+ Str+3}
   (You bought it in a shop on level 4 of the Dungeon)

   It reduces the magical energy of the wielder, and disrupts the spells and
   magical abilities of those hit.
   Natural abilities and divine invocations are not affected.
   It affects your strength (+3).
   It protects you from negative energy.
Armour
 s - a +2 robe of cold resistance
 t - a +1 cloak (worn)
 G - the +3 hat of Pondering {ponderous, MR+ MP+10 Int+5}
   (You took it off Gastronok on level 1 of the Lair of Beasts)

   It affects your intelligence (+5).
   It affects your resistance to hostile enchantments.
   It affects your magic capacity (+10).
   If you switch to wearing this armour, your AC will rise 3 points (14 -> 17)
 O - a +0 scale mail
 R - the +4 ring mail of Risitur (worn) {rN+ MR++ Dex-3}
   (You found it on level 6 of the Lair of Beasts)

   It affects your dexterity (-3).
   It protects you from negative energy.
   It affects your resistance to hostile enchantments.
   If you remove this armour, your AC will fall 11 points (14 -> 3)
 S - a +1 shield of reflection
 W - a +0 pair of boots (worn)
Jewellery
 d - an amulet of the acrobat (around neck)
 n - an uncursed amulet of rage
 H - a ring of resist corrosion (right hand)
 M - an uncursed amulet of the gourmand
 P - a ring of poison resistance (left hand)
 T - an uncursed amulet of faith {unknown}
 U - a +3 ring of evasion
Wands
 b - a wand of polymorph (36)
 w - a wand of random effects (12)
 E - a wand of flame (79)
 I - a wand of acid (5)
 K - a wand of paralysis (9)
 N - a wand of iceblast (10)
 V - a wand of disintegration (17)
Scrolls
 a - 2 scrolls of fog
 f - 4 scrolls of enchant weapon
 g - a scroll of amnesia
 h - 11 scrolls of teleportation
 l - 15 scrolls of remove curse
 p - 4 scrolls of fear
 q - 4 scrolls of enchant armour
 r - 2 scrolls of magic mapping
 y - 4 scrolls of immolation {unknown}
 z - 3 scrolls of blinking {unknown}
 C - 5 scrolls of random uselessness {unknown}
 L - 2 scrolls of noise {unknown}
 Q - a scroll of identify
 X - a scroll of silence {unknown}
Potions
 e - 4 potions of flight
 i - a potion of cancellation
 j - a potion of ambrosia
 k - 4 potions of might
 u - a potion of curing
 v - a potion of magic
 A - a potion of brilliance
 B - 2 potions of berserk rage {unknown}
 D - 2 potions of agility {unknown}
 F - a potion of haste
 J - a potion of mutation {unknown}
Comestibles
 c - 24 rations


   Skills:
 - Level 6.5 Fighting
 - Level 6.4 Armour
 - Level 3.6 Dodging
 - Level 2.0 Stealth
 * Level 4.2 Shields
 + Level 14.5 Spellcasting
 - Level 12.8 Conjurations
 * Level 2.7 Fire Magic
 - Level 13.2 Air Magic


You had 8 spell levels left.
You knew the following spells:

 Your Spells              Type           Power        Failure   Level  Hunger
a - Shock                 Conj/Air       ####         1%          1    None
b - Swiftness             Chrm/Air       #####...     1%          2    None
c - Static Discharge      Conj/Air       ######..     1%          3    None
d - Airstrike             Air            ######....   1%          4    None
e - Lightning Bolt        Conj/Air       ######....   1%          5    ####...
f - Mephitic Cloud        Conj/Pois/Air  #####...     1%          3    None
g - Iskenderun's Mystic   Conj/Tloc      #####...     2%          4    None
h - Orb of Destruction    Conj           ######....   12%         7    #######
i - Starburst             Conj/Fire      #####.....   17%         6    #####..

Your spell library contained the following spells:

 Spells                   Type           Power        Failure   Level  Hunger
 Iskenderun's Battlesphe  Conj/Chrm      #####...     5%          5    ####...
 Bolt of Magma            Conj/Fire/Erth ####......   9%          5    ####...
 Apportation              Tloc           ##....       11%         1    None
 Summon Butterflies       Summ           ##......     11%         1    None
 Iron Shot                Conj/Erth      #####.....   28%         6    #####..
 Confusing Touch          Hex            ##......     30%         3    None
 Gell's Gravitas          Tloc           ##........   30%         3    None
 Lesser Beckoning         Tloc           ##........   30%         3    None
 Tukima's Dance           Hex            ##......     30%         3    None
 Yara's Violent Unravell  Hex/Tmut       ##........   54%         5    ####...
 Petrify                  Tmut/Erth      ##......     71%         4    None
 Spellforged Servitor     Conj/Summ      #####.....   80%         7    #######
 Alistair's Intoxication  Tmut/Pois      ##......     96%         5    ####...
 Metabolic Englaciation   Hex/Ice        ##........   96%         5    ####...
 Invisibility             Hex            ##......     100%        6    #####..


Dungeon Overview and Level Annotations

Branches:
Dungeon (12/15)            Temple (1/1) D:6            Lair (6/6) D:8
  Swamp (0/4) Lair:3        Snake (0/4) Lair:2        Slime (0/5) Lair:5
    Orc (0/2) D:12

Altars:
Ashenzari
Cheibriados
Dithmenos
Elyvilon
Fedhas
Gozag
Hepliaklqana
Kikubaaqudgha
Makhleb
Nemelex Xobeh
Okawaru
Qazlal
Ru
Sif Muna
Trog
Uskayaw
Vehumet
Wu Jian
Yredelemnul
Zin
The Shining One
Jiyva

Shops:
D:4 =%(([

Annotations:
D:4 exclusion: downstairs, Edmund, Menkaure
D:6 1 runed translucent door, exclusion: zombie, Crazy Yiuf, Maggie
D:11 exclusions: ugly thing and 3 more exclusions
Lair:2 2 transporters, Solig's ghost, journeyman HuMo


Message History

You assume a fearsome visage.
The centaur warrior resists with some effort.
The centaur looks frightened! x3; The centaur warrior shoots an arrow.
The arrow hits you!
* * * LOW HITPOINT WARNING * * *
Unknown command.
You feel better.
The centaur warrior shoots an arrow.
The arrow hits you!
* * * LOW HITPOINT WARNING * * *
You feel better.
The centaur warrior shoots an arrow.
The arrow barely misses you.
Okay, then.
The centaur warrior shoots an arrow.
The arrow misses you.
You see here an arrow.
Unknown command.
The centaur warrior shoots an arrow.
The arrow hits you!
* * * LOW HITPOINT WARNING * * *
You see here an arrow.
Unknown command.
You feel better.
The centaur warrior shoots an arrow.
The arrow hits you!!
You die...

.. .....................(.#
#.. ..
.......................).#
#..
####.................[(.....#
#..
#..................<(....#
#..
#.............#####..†...#
#.. #.............#
#....†...... #.............#
#........... #.............#
#...........
####.........##.@#
#...).......
.....#####...##.(#
#......).... ####.# #...##.(#
#........... #.#
#...##................ #.#
#...##......... #.#
#...##..####... #.# #...##..#
.# #.# #.[.##c.# .. ....##..#


You could see a centaur warrior.

Vanquished Creatures
  Gastronok (Lair:1)
  Josephine (D:11)
  8 hydras
  An ice dragon (D:12)
  A centaur warrior (D:10)
  3 catoblepae (Lair:6)
  A two-headed ogre (D:11)
  16 death yaks
  Nergalle (Lair:3)
  An unseen horror (D:9)
  A deep elf mage (D:12)
  2 oklob plants (Lair:2)
  4 manticores
  2 ugly things (D:11)
  A cyclops (D:12)
  10 elephants
  7 black mambas
  Joseph (Lair:1)
  14 spiny frogs
  A gargoyle (D:11)
  8 komodo dragons
  7 rime drakes (Lair:6)
  A queen bee (Lair:3)
  4 trolls
  Prince Ribbit (D:7)
  6 blink frogs
  9 dream sheep
  8 hippogriffs
  59 yaks
  A spriggan (Lair:5)
  3 wraiths (D:11)
  13 wyverns
  7 basilisks
  A hungry ghost (D:7)
  7 vampire mosquitoes
  4 wargs
  A soldier ant (D:11)
  3 nagas (Lair:2)
  An acid dragon (D:12)
  11 water moccasins
  8 porcupines
  6 orc warriors
  3 hell hounds (Lair:6)
  3 phantoms
  An ice beast (D:10)
  3 sky beasts
  A black bear (Lair:4)
  An eye of draining (D:8)
  3 necrophages
  4 ogres
  6 wolves
  9 centaurs
  9 crocodiles
  4 big kobolds (D:9)
  Blork the orc (D:4)
  10 bullfrogs
  A water moccasin zombie (D:5)
  3 scorpions
  39 killer bees
  An electric eel (D:11)
  3 howler monkeys (D:8)
  6 crimson imps
  6 bullfrog zombies
  A centaur zombie (D:5)
  7 hounds
  6 orc priests
  3 jellies
  A centaur skeleton (D:4)
  2 bullfrog skeletons
  Ijyb (D:4)
  14 orc wizards
  Natasha (thrice) (D:2)
  2 iguanas
  6 worker ants
  A hound zombie (D:11)
  2 hound skeletons
  A howler monkey zombie (D:5)
  8 gnolls
  17 adders
  3 shadow imps
  An adder zombie (D:8)
  A dart slug (D:5)
  8 leopard geckos
  48 orcs
  6 bats
  4 giant cockroaches
  7 goblins
  3 hobgoblins (D:3)
  11 kobolds
  7 quokkas
  2 ball pythons
  3 frilled lizards (D:3)
  A jackal skeleton (D:5)
  A leopard gecko zombie (D:7)
  2 quokka skeletons
  4 rats
  2 fungi
  A plant (Lair:2)
553 creatures vanquished.

Vanquished Creatures (others)
  15 fungi
  16 plants
31 creatures vanquished.

Grand Total: 584 creatures vanquished

Notes
Turn   | Place    | Note
-------+----------+-------------------------------------------
     0 | D:1      | Baz the Human Air Elementalist began the quest for the Orb.
     0 | D:1      | Reached XP level 1. HP: 13/13 MP: 3/3
   566 | D:1      | Reached XP level 2. HP: 19/19 MP: 0/5
  1045 | D:1      | Learned a level 2 spell: Swiftness
  1242 | D:1      | Reached XP level 3. HP: 20/24 MP: 1/6
  1617 | D:2      | Reached XP level 4. HP: 20/30 MP: 1/7
  1823 | D:2      | Noticed Natasha
  1829 | D:2      | Killed Natasha
  1921 | D:2      | Learned a level 3 spell: Static Discharge
  1962 | D:2      | Noticed Natasha
  1996 | D:2      | Reached XP level 5. HP: 21/35 MP: 2/8
  1997 | D:2      | Killed Natasha
  2401 | D:2      | Noticed Natasha
  2430 | D:2      | Killed Natasha
  2705 | D:2      | Found a snail-covered altar of Cheibriados.
  2882 | D:3      | Found a blossoming altar of Fedhas.
  3110 | D:2      | Found a sacrificial altar of Ru.
  3167 | D:3      | Reached XP level 6. HP: 42/42 MP: 6/10
  3622 | D:3      | Reached skill level 3 in Spellcasting
  3925 | D:4      | Found Xemisadd's Armour Emporium.
  3940 | D:4      | Noticed Edmund
  3947 | D:4      | Learned a level 4 spell: Airstrike
  4028 | D:4      | Reached skill level 1 in Fighting
  4180 | D:4      | Noticed a phantom
  4247 | D:4      | Killed a phantom
  4247 | D:4      | Reached skill level 5 in Air Magic
  4247 | D:4      | Reached XP level 7. HP: 18/48 MP: 1/11
  4452 | D:4      | Found Rero's Antique Weapon Shop.
  4542 | D:4      | Noticed Blork the orc
  4553 | D:4      | Killed Blork the orc
  4631 | D:4      | Noticed Menkaure
  4668 | D:4      | Found Iphuabuv's Jewellery Shoppe.
  4786 | D:4      | Found Loejiri's Weapon Shop.
  4786 | D:4      | Noticed Ijyb
  4907 | D:4      | Killed Ijyb
  5123 | D:4      | Found Daloemi's Food Shop.
  5227 | D:4      | Found a hazy altar of Hepliaklqana.
  5521 | D:5      | Entered Level 5 of the Dungeon
  5649 | D:5      | Reached XP level 8. HP: 54/57 MP: 4/13
  5832 | D:4      | Bought a bloodstained dagger for 182 gold pieces
  5832 | D:4      | Identified the cursed +2 dagger of Chaos {antimagic, rN+
                  | Str+3} (You bought it in a shop on level 4 of the Dungeon)
  6196 | D:5      | Found a sacrificial altar of Ru.
  6222 | D:5      | Reached skill level 4 in Spellcasting
  6762 | D:5      | Found a burning altar of Makhleb.
  6762 | D:5      | Noticed a blizzard demon
  6766 | D:5      | Noticed an orange demon
  7203 | D:6      | Reached skill level 5 in Conjurations
  7521 | D:6      | Found a staircase to the Ecumenical Temple.
  7553 | Temple   | Entered the Ecumenical Temple
  7798 | Temple   | Became a worshipper of Vehumet
  7986 | D:6      | Noticed Maggie
  8038 | D:6      | Reached XP level 9. HP: 62/62 MP: 13/16
  8205 | D:6      | Reached skill level 5 in Spellcasting
  8975 | D:7      | Found a glowing silver altar of Zin.
  8990 | D:7      | Learned a level 5 spell: Lightning Bolt
  9007 | D:7      | Reached * piety under Vehumet
  9007 | D:7      | Offered knowledge of Freeze by Vehumet.
  9086 | D:7      | Reached skill level 6 in Spellcasting
  9697 | D:6      | Found a runed translucent door.
  9698 | D:6      | Noticed Crazy Yiuf
  9757 | D:7      | Noticed Prince Ribbit
  9768 | D:7      | Killed Prince Ribbit
  9768 | D:7      | Reached XP level 10. HP: 37/68 MP: 3/19
  9974 | D:7      | Found a glowing golden altar of the Shining One.
 10438 | D:8      | Reached skill level 7 in Spellcasting
 10663 | D:8      | Reached ** piety under Vehumet
 10663 | D:8      | Offered knowledge of Foxfire by Vehumet.
 10825 | D:8      | Found an ancient bone altar of Kikubaaqudgha.
 11183 | D:8      | Noticed a death yak
 11183 | D:8      | Noticed a death yak
 11340 | D:8      | Killed a death yak
 11383 | D:8      | Reached skill level 8 in Spellcasting
 11461 | D:8      | Found a staircase to the Lair.
 11464 | D:8      | Noticed a death yak
 11464 | D:8      | Noticed a death yak
 11596 | D:8      | Noticed a death yak
 11605 | D:8      | Killed a death yak
 11689 | D:8      | Noticed a death yak
 11939 | D:8      | Killed a death yak
 11939 | D:8      | Reached skill level 10 in Air Magic
 11939 | D:8      | Reached XP level 11. HP: 50/73 MP: 12/23
 12180 | D:8      | Killed a death yak
 12180 | D:8      | Reached skill level 9 in Spellcasting
 12447 | D:8      | Killed a death yak
 12690 | D:8      | Killed a death yak
 12852 | D:8      | Found a burning altar of Makhleb.
 13140 | D:8      | Found a shimmering blue altar of Sif Muna.
 13548 | D:9      | You fall into a shaft and drop 2 floors!
 13756 | D:11     | Noticed a purple ugly thing
 13855 | D:10     | Entered Level 10 of the Dungeon
 13855 | D:10     | Noticed a green ugly thing
 14053 | D:11     | Reached skill level 10 in Spellcasting
 14129 | D:11     | Killed a green ugly thing
 14779 | D:9      | Found a shadowy altar of Dithmenos.
 15108 | D:9      | Offered knowledge of Mephitic Cloud by Vehumet.
 15108 | D:9      | Reached XP level 12. HP: 45/83 MP: 5/26
 15322 | D:9      | Noticed a three-headed hydra
 15328 | D:9      | Killed a three-headed hydra
 15565 | D:9      | Found a stormy altar of Qazlal.
 15601 | D:9      | Learned a level 3 spell: Mephitic Cloud
 15622 | D:9      | Killed an unseen horror
 15896 | Lair:1   | Entered Level 1 of the Lair of Beasts
 16020 | Lair:1   | Reached *** piety under Vehumet
 16319 | Lair:1   | Reached skill level 11 in Spellcasting
 16395 | Lair:1   | Noticed a six-headed hydra
 16706 | Lair:1   | Noticed Joseph
 16727 | Lair:1   | Killed Joseph
 16727 | Lair:1   | Reached skill level 5 in Fighting
 17214 | Lair:1   | Killed a six-headed hydra
 17217 | Lair:1   | Offered knowledge of Dazzling Flash by Vehumet.
 17597 | Lair:1   | Noticed Gastronok
 17631 | Lair:1   | Killed Gastronok
 17631 | Lair:1   | Reached skill level 10 in Conjurations
 17946 | Lair:2   | Reached XP level 13. HP: 75/93 MP: 22/28
 18149 | Lair:2   | Found a staircase to the Snake Pit.
 18506 | Lair:2   | Identified the cursed +0 trident of the Endless March
                  | {antimagic, Str+4}
 18508 | Lair:2   | Noticed Solig's ghost (journeyman HuMo)
 18508 | Lair:2   | Identified the cursed +2 demon trident "Widowmaker" {chaos,
                  | rElec rC- Int+3}
 18552 | Lair:2   | Found a bloodstained altar of Trog.
 18641 | Lair:2   | Found a transporter.
 18644 | Lair:2   | Found a transporter.
 18669 | Lair:2   | Reached skill level 1 in Armour
 18802 | Lair:2   | Reached skill level 12 in Spellcasting
 19646 | Lair:3   | Found a staircase to the Swamp.
 20033 | Lair:3   | Reached **** piety under Vehumet
 20244 | Lair:3   | Offered knowledge of Iskenderun's Mystic Blast by Vehumet.
 20627 | Lair:3   | Noticed Nergalle
 20634 | Lair:3   | Killed Nergalle
 21346 | Lair:3   | Learned a level 4 spell: Iskenderun's Mystic Blast
 21703 | Lair:3   | Noticed a six-headed hydra
 21706 | Lair:3   | Killed a six-headed hydra
 22073 | Lair:4   | Noticed a four-headed hydra
 22081 | Lair:4   | Killed a four-headed hydra
 22744 | Lair:4   | Reached XP level 14. HP: 100/100 MP: 28/30
 22885 | Lair:4   | Reached skill level 13 in Spellcasting
 25297 | Lair:5   | Found a staircase to the Slime Pits.
 25297 | Lair:5   | Found a viscous altar of Jiyva.
 26160 | Lair:6   | Entered Level 6 of the Lair of Beasts
 26629 | Lair:6   | Reached ***** piety under Vehumet
 27032 | Lair:6   | Offered knowledge of Fulminant Prism by Vehumet.
 28320 | Lair:5   | Reached skill level 5 in Armour
 28950 | Lair:6   | Found an opulent altar of Gozag.
 29707 | Lair:6   | Reached skill level 14 in Spellcasting
 30162 | Lair:5   | Reached XP level 15. HP: 54/105 MP: 8/33
 30613 | Lair:6   | Got an encrusted ring mail
 30624 | Lair:6   | Identified the +4 ring mail of Risitur {rN+ MR++ Dex-3}
                  | (You found it on level 6 of the Lair of Beasts)
 30752 | Lair:6   | Learned a level 7 spell: Orb of Destruction
 32510 | D:10     | Reached skill level 1 in Shields
 34185 | D:11     | Noticed Josephine
 34190 | D:11     | Killed Josephine
 34482 | D:11     | Offered knowledge of Starburst by Vehumet.
 34506 | D:11     | Learned a level 6 spell: Starburst
 35102 | D:12     | Reached skill level 1 in Fire Magic
 35691 | D:12     | Found a staircase to the Orcish Mines.
 36338 | D:12     | HP: 5/106 [centaur warrior/arrow (9)]
 36341 | D:12     | HP: 2/106 [centaur warrior/arrow (12)]
 36342 | D:12     | Shot with an arrow by a centaur warrior

Levels and vault maps discovered:
D:1:      minmay_arrival_checkered_box, layout_loops_cross, st_stairs_1,
          minivault_24, minmay_misc_feat_rugged
D:2:      lemuel_upstairs_altar, layout_rooms, cheibriados_altar_1,
          grunt_decor_cap, uniq_natasha
D:3:      layout_loops_ring, fedhas_altar_4
D:4:      layout_loops_ring, nicolae_overflow_hidden_temple, first_ration,
          serial_shops, shop, shop, kennysheep_mini_moat, shop, shop,
          uniq_menkaure, uniq_ijyb, uniq_blork_the_orc, uniq_edmund
D:5:      layout_cave_pods, nicolae_ru_awakened_eye, makhleb_altar_promises_db
D:6:      layout_loops_cross, tgw_xom, minmay_temple_entry_gardened_gates,
          uniq_crazy_yiuf_cottage, uniq_maggie
D:7:      layout_loops_ring, lemuel_doored_altar, zin_statuary,
          uniq_prince_ribbit1
D:8:      layout_basic, overflow_temple_1_default, old_standard_altar,
          dpeg_lair_monsters, basic_altar
D:9:      layout_roguey, nicolae_overflow_crystal_walls, kennysheep_mini,
          hangedman_ranch [blue_anna_fruit_fields]
D:10:     layout_roguey
D:11:     layout_irregular_city, serial_bayou_ford_a, uniq_josephine
D:12:     layout_long_grid, minmay_orc_entry_guard_dogs
Temple:   dpeg_chambers_temple
Lair:1:   layout_gridlike, hibernation_bobbens, uniq_gastronok, uniq_joseph
Lair:2:   layout_regular_city, guppyfry_snake_entry_garden,
          gammafunk_ghost_wrathful_warriors, serial_bayou_shore_b,
          minmay_lair_oklob_chamber
Lair:3:   layout_roguey [special_room_bee], swamp_mist, uniq_nergalle
Lair:4:   layout_small_grid
Lair:5:   layout_layer_cave, slime_altar_1, gauntlet_entry_generic,
          grunt_forest_large_clearing_hut
Lair:6:   evilmike_catoblepas_cave, layout_hall_layers, basic_altar,
          special_room [special_room_mythical_zoo]

Skill      XL: |  1  2  3  4  5  6  7  8  9 10 11 12 13 14 15 |
---------------+----------------------------------------------+-----
Conjurations   | 2 3 4 5 6 8 9 10 11 12 | 12.8
Air Magic      | 4 5 6 7 9 10 11 12 13 | 13.2
Spellcasting   | 3 4 6 8 10 11 12 14 | 14.5
Fighting       | 1 2 3 5 6 |  6.5
Armour         | 4 5 6 |  6.4
Dodging        | 3 |  3.6
Shields        | 4 |  4.2
Fire Magic     | 2 |  2.7
Stealth        | |  2.0

Action                   |  1- 3 |  4- 6 |  7- 9 | 10-12 | 13-15 || total
-------------------------+-------+-------+-------+-------+-------++-------
Melee: Whip              |    11 |    37 |    83 |    26 |   136 ||   293
       Unarmed           |       |     2 |     3 |       |       ||     5
 Cast: Shock             |    43 |   112 |   184 |   168 |   104 ||   611
       Airstrike         |       |     1 |    13 |    68 |   418 ||   500
       Static Discharge  |       |       |    22 |    40 |    70 ||   132
       Lightning Bolt    |       |       |       |    38 |   102 ||   140
       Mephitic Cloud    |       |       |       |     1 |     4 ||     5
       Iskenderun's Myst |       |       |       |       |     1 ||     1
       Orb of Destructio |       |       |       |       |     1 ||     1
       Starburst         |       |       |       |       |     1 ||     1
Evoke: Wand              |       |       |     1 |       |       ||     1
  Use: Potion            |       |     2 |     5 |     4 |     6 ||    17
       Scroll            |       |     2 |     1 |     6 |     7 ||    16
 Stab: Sleeping          |       |       |     1 |       |       ||     1
  Eat: Chunk             |     3 |     8 |     7 |    18 |    48 ||    84
       Ration            |       |       |     4 |     6 |     7 ||    17
Armor: Robe              |    10 |     7 |    46 |    46 |    35 ||   144
       Skin              |       |    26 |    27 |       |       ||    53
       Ring mail         |       |       |       |       |    80 ||    80
Dodge: Dodged            |    27 |    30 |    93 |   112 |   244 ||   506

Table legend:
 A = Non-vault XP
 B = Vault XP
 C = Vault XP percentage of total XP
 D = Non-vault monster count
 E = Vault monster count
 F = Vault count percentage of total count
                 A         B        C        D         E       F
            +---------+---------+-------+---------+---------+-------
      Total |   62224 |   38767 |  38.4 |     435 |     115 |  20.9
            +---------+---------+-------+---------+---------+-------
        D:1 |      39 |       4 |   9.3 |       9 |       2 |  18.2
        D:2 |     167 |      35 |  17.3 |      20 |       1 |   4.8
        D:3 |      70 |       0 |   0.0 |      23 |       0 |   0.0
        D:4 |     528 |     130 |  19.8 |      18 |       2 |  10.0
        D:5 |     287 |       0 |   0.0 |      16 |       0 |   0.0
        D:6 |    1500 |       0 |   0.0 |      31 |       0 |   0.0
        D:7 |    1348 |     291 |  17.8 |      28 |       1 |   3.4
        D:8 |    1432 |    5266 |  78.6 |      27 |       6 |  18.2
        D:9 |    1709 |    2228 |  56.6 |      20 |       8 |  28.6
       D:10 |    4026 |       0 |   0.0 |      31 |       0 |   0.0
       D:11 |    5609 |    1859 |  24.9 |      40 |       5 |  11.1
       D:12 |    5942 |     499 |   7.7 |      32 |       3 |   8.6
     Lair:1 |    5462 |    2993 |  35.4 |      19 |       3 |  13.6
     Lair:2 |    3718 |    1559 |  29.5 |      16 |       5 |  23.8
     Lair:3 |    6342 |    2592 |  29.0 |      23 |      26 |  53.1
     Lair:4 |    6901 |       0 |   0.0 |      28 |       0 |   0.0
     Lair:5 |   11147 |    1618 |  12.7 |      34 |       3 |   8.1
     Lair:6 |    5997 |   19693 |  76.7 |      20 |      50 |  71.4
            +---------+---------+-------+---------+---------+-------
